cohdb
Replays
Latest Replays
All Replays
Popular Replays
Top Player Replays
Match Explorer
How It Works
Community
CoH3 Stats
Reddit
Sign in to upload your games and track your stats! →
Sign in with Steam
Match 41255855
Unlisted
Match 41255855
Overview
Messages
Build Orders
End
Kradschützen Motorcycle Team
Selects Italian Combined Arms Battlegroup
Selects Bersaglieri Squad
Bersaglieri Squad
Bersaglieri Squad
Bersaglieri Squad
Bersaglieri Squad
Construct Light Support Kompanie
Assault Mechanized Group
Selects Semovente da 75/18 Assault Gun
Bersaglieri Squad
Fire Support Elements
Construct Panzerarmee Kommand
Armored Reserves
Selects Vehicle Support - Secure Location
Selects Bersaglieri Bolster
Panzer IV Assault Group
2.5-tonne Medical Truck
Selects Breda Model 30 Light Machine Guns
Panzer IV Assault Group
Rapid Advance
Emergency Repair Kits
Selects Strafing Run
Selects Artillery Cover
Strafing Run
Artillery Cover
Strafing Run
Strafing Run
Chinese players always play bad
Sarmynation
0
0
Comments
sign in to comment!
No comments posted yet!